 Dungeon Crawl Stone Soup version 0.29.1-2-gbd0b4ee654 (webtiles) character file.

Game seed: 10674136621342052391

410 Avanven the Shooter (level 6, -22/33 HPs)
             Began as a Deep Elf Arcane Marksman on Nov 4, 2022.
             Killed by an exploding Eustachio (46 damage)
             ... ignited by their inner flame
             ... on level 4 of the Dungeon.
             The game lasted 00:08:55 (3140 turns).

Avanven the Shooter (Deep Elf Arcane Marksman)      Turns: 3140, Time: 00:08:56

Health: -22/33     AC:  8    Str: 11    XL:     6   Next: 58%
Magic:  13/14      EV: 13    Int: 22    God:
Gold:   154        SH:  0    Dex: 21    Spells: 9/13 levels left

rFire   . . .      SeeInvis .   a - +2 sling
rCold   . . .      Faith    .   (no shield)
rNeg    . . .      Spirit   .   q - +4 robe of Augmentation {Str+4 Int+4 Dex+4}
rPois   +          Reflect  .   (no helmet)
rElec   .          Harm     .   (no cloak)
rCorr   .          Rampage  .   f - +0 pair of gloves
Will    .....                   g - +0 pair of boots
Stlth   ++........              (no amulet)
HPRegen 0.11/turn               j - ring of poison resistance
MPRegen 0.14/turn               (no ring)

@: no status effects
A: no striking features
a: no special abilities


You were on level 4 of the Dungeon.
You visited 1 branch of the dungeon, and saw 4 of its levels.

You collected 154 gold pieces.

Inventory:

Hand Weapons
 a - a +2 sling (weapon)
Missiles
 d - a throwing net
Armour
 c - a +0 robe
 f - a +0 pair of gloves (worn)
 g - a +0 pair of boots (worn)
 q - the +4 robe of Augmentation (worn) {Str+4 Int+4 Dex+4}
   (You found it on level 3 of the Dungeon)

   Str:       It affects your strength (+4).
   Int:       It affects your intelligence (+4).
   Dex:       It affects your dexterity (+4).
Jewellery
 j - a ring of poison resistance (left hand)
 o - a +6 ring of strength
 s - a ring of fire
Scrolls
 b - a scroll of poison
 h - 2 scrolls of immolation
 m - a scroll of teleportation
Potions
 e - 3 potions of ambrosia
 i - 2 potions of lignification {unknown}
 l - 2 potions of curing {unknown}
 n - 3 potions of heal wounds {unknown}
 r - a potion of mutation {unknown}


   Skills:
 - Level 0.7 Fighting
 * Level 7.0 Ranged Weapons
 - Level 2.4 Dodging
 - Level 0.9 Stealth
 + Level 4.1 Spellcasting
 + Level 6.0 Hexes


You had 9 spell levels left.
You knew the following spells:

 Your Spells              Type           Power      Damage    Failure   Level
a - Slow                  Hex            100%       N/A       1%          1
b - Inner Flame           Hex/Fire       17%        N/A       10%         3

Your spell library contained the following spells:

 Spells                   Type           Power      Damage    Failure   Level
 Cause Fear               Hex            15%        N/A       9%          4
 Portal Projectile        Hex/Tloc       34%        N/A       10%         3
 Scorch                   Fire           8%         2d5       17%         2
 Static Discharge         Conj/Air       4%         3-4/arc   17%         2
 Fulminant Prism          Conj/Hex       8%         3d7       32%         4
 Animate Dead             Necr           4%         N/A       73%         4
 Dispel Undead            Necr           4%         3d7       73%         4
 Flame Wave               Conj/Fire      4%         2d5       73%         4
 Iskenderun's Mystic Bla  Conj/Tloc      4%         2d3       73%         4
 Sticky Flame             Conj/Fire      4%         2d3       73%         4
 Lee's Rapid Deconstruct  Erth           2%         3d5*      97%         5
 Conjure Ball Lightning   Conj/Air       2%         3x3d6     100%        6
 Summon Cactus Giant      Summ           2%         N/A       100%        6
 Haunt                    Necr/Summ      2%         N/A       100%        7
 Discord                  Hex            15%        N/A       100%        8
 Disjunction              Tloc           2%         N/A       100%        8
 Infestation              Necr           2%         N/A       100%        8


Dungeon Overview and Level Annotations

Branches:
Dungeon (4/15)
 Temple: D:4-7

Altars:
Cheibriados
Okawaru
Trog
Uskayaw

Annotations:
D:4 1 transporter, mmigdal's ghost, weakling HuDe


Message History

The sling bullet closely misses Eustachio.
The hound barks!
You shoot a sling bullet.
The sling bullet closely misses Eustachio.
You shoot a sling bullet. The sling bullet hits Eustachio!
Flame seeps out of Eustachio.
Eustachio is lightly wounded.
Eustachio is engulfed in blazing flames.
Flame seeps out of Eustachio.
Eustachio mumbles some strange words.
You shoot a sling bullet. The sling bullet misses the hound.
Eustachio is engulfed in blazing flames.
Flame seeps out of Eustachio.
The hound attacks as you move away! The hound bites you.
Eustachio yells, "Perjured traitor, DIE!"
The hound bites you but does no damage. The hound attacks as you move away!
The hound barely misses you. The hound barely misses you.
You shoot a sling bullet.
The sling bullet completely misses the hound.
The hound bites you.
Eustachio screams, "Hey, you killed my favourite bat!"
Eustachio casts a spell.
You shoot a sling bullet. The sling bullet hits the hound.
The hound is moderately wounded.
The hound closely misses you. The hound barely misses you.
The hound attacks as you move away! The hound closely misses you.
Eustachio gestures wildly while chanting.
Eustachio blinks!
The hound barely misses you. Eustachio hits you with a +0 falchion.
You shoot a sling bullet. The sling bullet hits Eustachio.
Flame seeps out of Eustachio.
Eustachio is severely wounded.
The hound misses you.
Eustachio is engulfed in blazing flames.
The rat disappears in a puff of smoke! x2
Eustachio explodes!
The fiery explosion engulfs you!!!
Ouch! That really hurt!
You die...

##...# #.#.# ###)#
#.# #.##
#..##########
#......##§..# .
#.####..§○§..####
... #..
##..§@h§.§r.##.....
#..#
#.......##.r.......
###
##......#####......
##.....# .....
###..## <... ####
... .. .


You could see a hound.

Vanquished Creatures
  Sigmund (D:3)
  Eustachio (D:4)
  An ogre (D:4)
  Blork the orc (D:4)
  2 gnolls (D:4)
  2 adders (D:3)
  A white imp (D:3)
  3 dart slugs
  3 orcs (D:3)
  5 bats
  5 endoplasms
  3 giant cockroaches
  2 goblins (D:1)
  3 hobgoblins
  A kobold (D:1)
  2 quokkas (D:2)
  5 ball pythons
  2 frilled lizards
  5 rats
  A spectral kobold (D:3)
49 creatures vanquished.

Notes
Turn   | Place    | Note
-------+----------+-------------------------------------------
     0 | D:1      | Avanven the Deep Elf Arcane Marksman began the quest for
                  | the Orb.
     0 | D:1      | Reached XP level 1. HP: 11/11 MP: 5/5
   163 | D:1      | Reached skill level 3 in Ranged Weapons
   204 | D:1      | Reached XP level 2. HP: 16/16 MP: 6/6
  1239 | D:2      | Reached skill level 4 in Ranged Weapons
  1309 | D:2      | Reached XP level 3. HP: 20/20 MP: 5/7
  1465 | D:2      | Learned a level 3 spell: Inner Flame
  1723 | D:3      | Found a snail-covered altar of Cheibriados.
  2172 | D:3      | Reached XP level 4. HP: 24/24 MP: 7/9
  2265 | D:3      | Noticed Sigmund
  2282 | D:3      | Killed Sigmund
  2283 | D:3      | Reached skill level 6 in Ranged Weapons
  2283 | D:3      | Reached skill level 5 in Hexes
  2283 | D:3      | Reached XP level 5. HP: 18/28 MP: 9/12
  2412 | D:3      | Found the +4 robe of Augmentation {Str+4 Int+4 Dex+4}
  2459 | D:3      | Found a faded altar of an unknown god.
  2703 | D:3      | Found a faded altar of an unknown god.
  2703 | D:3      | Found an iron altar of Okawaru.
  2711 | D:3      | Found a hide-covered altar of Uskayaw.
  2713 | D:3      | Found a faded altar of an unknown god.
  2714 | D:3      | Found a bloodstained altar of Trog.
  2856 | D:4      | Noticed mmigdal's ghost (weakling HuDe)
  2858 | D:4      | Found a transporter.
  2942 | D:4      | Noticed an ogre
  2972 | D:4      | Killed an ogre
  2973 | D:4      | Reached XP level 6. HP: 33/33 MP: 13/13
  3015 | D:4      | Noticed Blork the orc
  3029 | D:4      | Killed Blork the orc
  3030 | D:4      | Reached skill level 7 in Ranged Weapons
  3126 | D:4      | Noticed Eustachio
  3140 | D:4      | Killed Eustachio
  3140 | D:4      | Killed by an exploding Eustachio... ignited by their inner
                  | flame

Illustrated notes

Levels and vault maps discovered:
D:1:      ebering_hopf_link, layout_rooms, minmay_door_square
D:2:      layout_rooms
D:3:      layout_loops_ring, chequers_temple_overflow_minitemple,
          mainiacjoe_overflow_surrounded_room,
          dreamdust_ecumenical_altar_drowned_temple, uniq_sigmund
D:4:      layout_cave_pods, nicolae_wu_jian_immortal_techniques,
          gammafunk_ghost_arena, hangedman_abyss_or_decor_stabs,
          minmay_manual_mess, uniq_blork_the_orc, uniq_eustachio

Skill      XL: |  1  2  3  4  5  6 |
---------------+-------------------+-----
Ranged Weapons | 3 4 6 7 |  7.0
Spellcasting   | 2 3 4 |  4.1
Hexes          | 5 6 |  6.0
Fighting       | |  0.7
Dodging        | |  2.4
Stealth        | |  0.9

Action                   |  1- 3 |  4- 6 || total
-------------------------+-------+-------++-------
 Fire: Sling             |   112 |    70 ||   182
 Cast: Slow              |    25 |     4 ||    29
       Inner Flame       |     1 |     3 ||     4
  Use: Scroll            |     2 |     4 ||     6
Armor: Robe              |    11 |     5 ||    16
Dodge: Dodged            |    25 |    20 ||    45
